 Dungeon Crawl Stone Soup version 0.31-a0-986-g5e6e4ef867 (webtiles) character file.

Game seed: 5315558278605478811

2916 timneilson the Ruffian (level 9, -6/56 (62) HPs)
             Began as an Octopode Shapeshifter on Nov 24, 2023.
             Was an Initiate of Gozag.
             Mangled by a wight
             ... wielding a +0 halberd
              (9 damage)
             ... on level 8 of the Dungeon.
             The game lasted 00:18:18 (7443 turns).

timneilson the Ruffian (Octopode Shapeshifter)      Turns: 7443, Time: 00:18:20

HP:   -6/56 (62)    AC:  1    Str: 17    XL:     9   Next: 79%
MP:   9/9           EV: 15    Int: 12    God:    Gozag
Gold: 566           SH:  0    Dex: 12    Spells: 8/8 levels left

rFire   . .          .
                       - Unarmed
rCold   . . .        (no shield)
rNeg    . . .        (helmet currently unavailable)
rPois   +            (no amulet)
rElec   .            l - ring of poison resistance
rCorr   .            (no ring)
SInv    .            (no ring)
Will    .....        (no ring)
Stlth   ++++         (no ring)
HPRegen 0.29/turn    (no ring)
MPRegen 0.11/turn    (no ring)
                     (no ring)

%: no passive effects
@: beast-form, gold aura, drained
A: beast (slay +3), almost no armour, amphibious, 8 rings, camouflage 1,
gelatinous body 1, (nimble swimmer 1), tentacles
a: Begin Untransformation, Renounce Religion, Potion Petition, Call Merchant,
Bribe Branch


You were on level 8 of the Dungeon.
You worshipped Gozag.
Gozag was pleased with you.
You were a hulking beast.
You visited 1 branch of the dungeon, and saw 8 of its levels.

You collected 722 gold pieces.
You spent 104 gold pieces at shops.
You paid 52 gold pieces to Gozag.

Inventory:

Jewellery
 l - a ring of poison resistance (left tentacle)
Talismans
 b - a beast talisman
 c - a flux talisman
Wands
 k - a wand of iceblast (13)
 m - a wand of polymorph (3)
Scrolls
 f - a scroll of fog
 g - 2 scrolls of teleportation
 r - a scroll of silence
Potions
 a - a potion of lignification
 d - a potion of resistance
 e - a potion of invisibility {unknown}
 h - a potion of ambrosia
 i - a potion of mutation {unknown}
 j - 2 potions of enlightenment {unknown}
 n - a potion of magic {unknown}
 o - a potion of cancellation {unknown}
 p - 2 potions of berserk rage
 q - 3 potions of attraction {unknown}


   Skills:
 * Level 5.9 Fighting
 * Level 6.1 Dodging
 + Level 5.9 Stealth
 * Level 6.7 Unarmed Combat
 + Level 4.0 Evocations
 * Level 6.2 Shapeshifting


You had 8 spell levels left.
You didn't know any spells.
Your spell library contained the following spells:

 Spells                   Type           Power      Damage    Failure   Level
 Slow                     Hex            0%         N/A       32%         1
 Poisonous Vapours        Pois/Air       0%         N/A       45%         2
 Confusing Touch          Hex            0%         N/A       69%         3
 Mephitic Cloud           Conj/Pois/Air  0%         N/A       69%         3
 Sigil of Binding         Hex            0%         N/A       69%         3
 Stone Arrow              Conj/Erth      0%         3d7       69%         3
 Vampiric Draining        Necr           0%         2d6       69%         3
 Freezing Cloud           Conj/Ice/Air   0%         6-21      100%        5
 Lehudib's Crystal Spear  Conj/Erth      0%         10d2      100%        8
 Animate Armour           Summ/Erth      Unusable   N/A       N/A         4

Dungeon Overview and Level Annotations

Branches:
Dungeon (8/15)             Temple (0/1) D:4
   Lair: D:8-11

Altars:
Elyvilon
Gozag
Okawaru
Ru

Shops:
D:1 *

Annotations:
D:6 1 runed translucent door, pigah's ghost, novice OpSh


Innate Abilities, Weirdness & Mutations

You are a hulking beast.
Your limbs bulge with bestial killing power. (Slay +3)
You cannot wear most types of armour.
You are amphibious.
You can wear up to eight rings at the same time.
Your skin changes colour to match your surroundings (Stealth+).
Your rubbery body absorbs attacks. (AC +1, EV +1)
((You are camouflaged when in or above water. (Stealth+)))
You have tentacles for arms and can constrict up to eight enemies at once.


Message History

The wight hits you with a +0 mace.
You feel drained.
You barely miss the wight. Your grab misses the wight. You squeeze the wight!
The wight is almost destroyed.
The wight hits you with a +0 mace.
You feel drained.
You tentacle-slap the wight.
You destroy the wight!
The wight barely misses you. 2 wights come into view.
The wight barely misses you.
Things that are here:
5 gold pieces; a +3 halberd; a +0 robe You tentacle-slap the wight but do no damage.
You grab the wight. You squeeze the wight.
The wight is lightly damaged.
You constrict the wight. The wight barely misses you.
You tentacle-slap the wight. You squeeze the wight.
The wight is almost destroyed.
You constrict the wight.
You destroy the wight!
The wight is distracted by your dazzling golden aura.
The wight closely misses you.
Your Evocations skill increases to level 4!
The wight is no longer distracted by gold.
The wight hits you with a +4 dagger.
* * * LOW HITPOINT WARNING * * *
You feel drained.
* * * LOW HITPOINT WARNING * * *
The wight barely misses you.
You barely miss the wight. You grab the wight. You squeeze the wight!
The wight is severely damaged.
You constrict the wight, but do no damage.
You tentacle-slap the wight but do no damage.
The wight is severely damaged.
You constrict the wight. The wight hits you with a +4 dagger!
* * * LOW HITPOINT WARNING * * *
You feel drained.
* * * LOW HITPOINT WARNING * * *
The wight hits you with a +0 halberd!
You die...
Your body crumbles into a pile of gold.

#.#.#####.#.#.#.#.# #
#######.#.......#.#.#.#.#
#
........#########.#.#^#.#
# #........)...# #.#
#.#.#### #.###......#.#
#.# #..... #.####.# #.#
###### #.####.#
#....$$########
#.....$hz.....#
#.###...z...... #
....#######.. #####


You could see 2 wights.

Vanquished Creatures
  A kobold demonologist (D:6)
  A hornet (D:7)
  Grinder (D:6)
  4 yaks (D:8)
  A steam dragon (D:7)
  A water moccasin (D:5)
  An ice beast (D:7)
  An ogre (D:6)
  2 centaurs
  2 phantoms
  A bullfrog (D:6)
  6 wights
  A howler monkey (D:7)
  The ghost of Beryl the Digger, a weakling GrEE (D:3)
  2 jellies
  A hound (D:4)
  3 sleepcaps
  4 iguanas
  2 orc wizards (D:6)
  3 gnolls (D:5)
  6 adders
  3 white imps
  A dart slug (D:1)
  10 orcs
  15 endoplasms
  2 giant cockroaches
  6 goblins
  12 hobgoblins
  5 jackals
  11 kobolds
  2 quokkas
  7 ball pythons
  8 bats
  6 frilled lizards
  5 rats
138 creatures vanquished.

Notes
Turn   | Place    | Note
-------+----------+-------------------------------------------
     0 | D:1      | timneilson the Octopode Shapeshifter began the quest for
                  | the Orb.
     0 | D:1      | Reached XP level 1. HP: 13/13 MP: 1/1
    85 | D:1      | Found Ofywahol's Assorted Antiques.
    91 | D:1      | Reached XP level 2. HP: 17/18 MP: 2/2
   251 | D:1      | Reached skill level 1 in Stealth
   350 | D:1      | Reached XP level 3. HP: 21/23 MP: 3/3
  1320 | D:2      | Reached XP level 4. HP: 25/29 MP: 4/4
  1860 | D:1      | Bought a scroll labelled BYJIOG EDID for 26 gold pieces
  2053 | D:3      | Found a sacrificial altar of Ru.
  2439 | D:3      | Reached XP level 5. HP: 31/34 MP: 5/5
  2503 | D:3      | Identified the +5 chain mail of the Cicada {rF+}
  2532 | D:3      | Found a runed translucent gate.
  2532 | D:3      | Found a runed translucent gate.
  2532 | D:3      | Found a runed translucent gate.
  2532 | D:3      | Found an opulent altar of Gozag.
  2533 | D:3      | Noticed Beryl's ghost (weakling GrEE)
  2738 | D:3      | Killed Beryl's ghost
  2767 | D:3      | Became a worshipper of Gozag Ym Sagoz the Greedy
  2833 | D:1      | Bought a scroll labelled IRUXEF EZEMM for 26 gold pieces
  2833 | D:1      | Bought a scroll labelled NYEL PYPIDGHA for 26 gold pieces
  2833 | D:1      | Bought a scroll labelled FIWKEI UCZEASH for 26 gold pieces
  3357 | D:4      | Found a staircase to the Ecumenical Temple.
  3659 | D:4      | Reached XP level 6. HP: 41/41 MP: 6/6
  3844 | D:4      | Reached skill level 1 in Evocations
  3869 | D:5      | Entered Level 5 of the Dungeon
  3889 | D:5      | Found an iron altar of Okawaru.
  3892 | D:5      | Noticed a water moccasin
  3902 | D:5      | Killed a water moccasin
  4233 | D:5      | Reached XP level 7. HP: 46/46 MP: 7/7
  4592 | D:6      | Noticed Grinder
  4599 | D:6      | Paralysed by Grinder for 4 turns
  4606 | D:6      | Killed Grinder
  4608 | D:6      | Noticed a kobold demonologist
  4616 | D:6      | HP: 3/69 [shadow imp[a kobold demonologist] (3)]
  4618 | D:6      | Killed a kobold demonologist
  4619 | D:6      | Reached skill level 5 in Unarmed Combat
  4619 | D:6      | Reached XP level 8. HP: 4/54 MP: 8/8
  4952 | D:6      | Found a runed translucent door.
  4959 | D:6      | Noticed pigah's ghost (novice OpSh)
  5162 | D:6      | Reached skill level 5 in Shapeshifting
  6039 | D:7      | Noticed a hornet
  6048 | D:7      | Reached skill level 5 in Dodging
  6051 | D:7      | Killed a hornet
  6052 | D:7      | Reached skill level 5 in Fighting
  6052 | D:7      | Reached XP level 9. HP: 22/61 MP: 9/9
  6270 | D:7      | Reached skill level 5 in Stealth
  6485 | D:7      | HP: 3/61 [steam dragon (9)]
  6972 | D:7      | Found a white marble altar of Elyvilon.
  7443 | D:8      | Mangled by a wight

Illustrated notes

Levels and vault maps discovered:
D:1:      kennysheep_arrival_seaside, layout_basic, serial_shops, shop
D:2:      layout_basic, minmay_misc_feat_diagonals, grunt_decor_cap,
          grunt_ministairs_6
D:3:      layout_basic, nicolae_ru_great_annihilating_truth, ebering_ghost_gozag
D:4:      layout_basic, minmay_temple_entry_glassed_door, minivault_24
D:5:      layout_basic, okawaru_metal_pillars_1_2
D:6:      layout_basic, ebering_ghost_reflecting_pool,
          minmay_a_box_with_orc_wizards_in_it, uniq_grinder
D:7:      layout_gridville, lemuel_tele_altar
D:8:      layout_basic

Skill      XL: |  1  2  3  4  5  6  7  8  9 |
---------------+----------------------------+-----
Stealth        | 1 2 3 4 5 |  5.9
Fighting       | 2 3 4 5 |  5.9
Dodging        | 3 4 5 6 |  6.1
Unarmed Combat | 4 5 6 |  6.7
Evocations     | 1 2 3 4 |  4.0
Shapeshifting  | 4 5 6 |  6.2

Action                     |  1- 3 |  4- 6 |  7- 9 || total
---------------------------+-------+-------+-------++-------
  Melee: Unarmed           |    87 |   135 |   143 ||   365
         Tentacles         |     9 |    22 |    37 ||    68
         Punch             |     3 |     4 |    10 ||    17
         Constrict         |    16 |    27 |    23 ||    66
  Evoke: Wand              |       |     3 |       ||     3
    Use: Scroll            |     5 |     8 |     9 ||    22
         Potion            |       |     1 |     6 ||     7
   Stab: Sleeping          |     4 |    12 |     1 ||    17
         Paralysed         |       |     2 |       ||     2
         Distracted        |       |       |     1 ||     1
 Armour: Skin              |    32 |    51 |   103 ||   186
  Dodge: Dodged            |    49 |    65 |    79 ||   193

Table legend: (Time is in decaauts)
 A = Elapsed time spent in this place.
 B = Non-inter-level travel time spent in this place.
 C = Inter-level travel time spent in this place.
 D = Time resting spent in this place.
 E = Time spent auto-exploring this place.
 F = Levels seen in this place.
 G = Mean time per level.
                   A        B        C        D        E       F      G
               +--------+--------+--------+--------+--------+-----+--------+
         Total |   7437 |   7009 |    428 |   1156 |   4108 |   8 |  929.6 |
       Dungeon |   7437 |   7009 |    428 |   1156 |   4108 |   8 |  929.6 |
               +--------+--------+--------+--------+--------+-----+--------+

Top non-repeatable levels by time:
     D:6: 1487 daAuts
     D:2: 1234 daAuts
     D:3: 997 daAuts
     D:7: 913 daAuts
     D:5: 875 daAuts
     D:4: 869 daAuts
     D:1: 757 daAuts
     D:8: 302 daAuts
